 Dungeon Crawl Stone Soup version 0.26-a0-660-gc07710193c (webtiles) character file.

Game seed: 14392845435889536842

593385 reriks the Impregnable (level 27, -14/184 HPs)
             Began as a Gargoyle Fighter on Oct 6, 2020.
             Was a High Priest of the Shining One.
             Demolished by a death yak (18 damage)
             ... summoned by a spriggan berserker
             ... on level 5 of the Depths on Oct 7, 2020.
             The game lasted 02:44:02 (81766 turns).

reriks the Impregnable (Gargoyle Fighter)          Turns: 81766, Time: 02:44:02

Health: -14/184    AC: 62    Str: 42    XL:     27
Magic:  14/37      EV: 14    Int: 16    God:    the Shining One [*****.]
Gold:   8755       SH: 22    Dex:  6    Spells: 32/32 levels left

rFire    + + +     SeeInvis .   X - +9 eveningstar (elec)
rCold    + + +     Faith    .   c - +5 kite shield of Eternity {rElec rC+ Str+2}
rNeg     + + +     Spirit   .   r - +8 plate armour {MR+}
rPois    ∞         Reflect  .   q - +0 helmet of the Accordion {Rampage rF+++ Regen+ Slay-4}
rElec    +         Harm     .   o - +2 cloak {rPois}
rCorr    +         Rampage  +   R - +2 pair of gloves of the Bells {Str+2}
MR       +++..                  D - +2 pair of boots {Stlth+}
Stlth    ..........             N - macabre finger necklace {rN+}
HPRegen  0.80/turn              T - ring "Uqaida Wysu" {rF+ rC++ Str+7 Dex-5}
MPRegen  0.25/turn              s - ring "Qoqihur" {rC+ rN+ rCorr Int+5 Dex-3}
                                O - ring "Keste" {Fire rN+ Dex+5 Slay+3}

@: flying, glowing, studying Translocations
A: big wings, negative energy resistance 1, electricity resistance, unbreathing,
petrification resistance, rot immunity, AC +20
}: 3/15 runes: barnacled, silver, gossamer
a: Stop Flying, Divine Shield, Cleansing Flame, Summon Divine Warrior, Renounce
Religion


You were on level 5 of the Depths.
You worshipped the Shining One.
The Shining One was extremely pleased with you.
You visited 8 branches of the dungeon, and saw 44 of its levels.
You also visited: Bailey, Ice Cave, Wizlab and Desolation.

You collected 12005 gold pieces.
You spent 3250 gold pieces at shops.

Inventory:

Hand Weapons
 l - a +7 sacred scourge of holy wrath
 n - a +5 eudemon blade of holy wrath
 X - a +9 eveningstar of electrocution (weapon)
Armour
 c - the +5 kite shield of Eternity (worn) {rElec rC+ Str+2}
   (You acquired it on level 3 of the Depths)

   It affects your strength (+2).
   It protects you from cold.
   It insulates you from electricity.
 o - a +2 cloak of poison resistance (worn)
 q - the +0 helmet of the Accordion (worn) {Rampage rF+++ Regen+ Slay-4}
   (You found it in a wizard's laboratory)

   It affects your accuracy and damage with ranged weapons and melee attacks
   (-4).
   It renders you almost immune to fire.
   It increases your rate of regeneration.
   It bestows one free step when moving towards enemies.
 r - a +8 plate armour of magic resistance (worn)
 D - a +2 pair of boots of stealth (worn)
 R - the +2 pair of gloves of the Bells (worn) {Str+2}
   (You acquired it on level 3 of the Depths)

   It affects your strength (+2).
Jewellery
 s - the ring "Qoqihur" (right hand) {rC+ rN+ rCorr Int+5 Dex-3}
   (You found it on level 15 of the Dungeon)

   [ring of resist corrosion]

   It affects your intelligence (+5).
   It affects your dexterity (-3).
   It protects you from cold.
   It protects you from negative energy.
   It provides partial protection from all sources of acid and corrosion.
 y - a cursed ring of magical power
 z - an uncursed amulet of faith
 C - the ring of Xemmix {rElec Str-3 Int+7 Slay+4 SInv}
   (You found it on level 3 of the Shoals)

   [ring of slaying]

   It affects your strength (-3).
   It affects your intelligence (+7).
   It affects your accuracy and damage with ranged weapons and melee attacks
   (+4).
   It insulates you from electricity.
   It lets you see invisible.
 H - a +6 ring of strength
 K - an uncursed ring of ice
 N - the macabre finger necklace (around neck) {rN+}
   (You bought it in a shop on level 4 of the Depths)

   [amulet of nothing]

   It protects you from negative energy.
 O - the ring "Keste" (on amulet) {Fire rN+ Dex+5 Slay+3}
   (You bought it in a shop on level 2 of the Orcish Mines)

   [ring of fire]

   It enhances your fire magic.
   It affects your dexterity (+5).
   It affects your accuracy and damage with ranged weapons and melee attacks
   (+3).
   It protects you from fire.
   It makes you vulnerable to cold.
   It protects you from negative energy.
 T - the ring "Uqaida Wysu" (left hand) {rF+ rC++ Str+7 Dex-5}
   (You found it on level 11 of the Dungeon)

   [ring of protection from fire]

   It affects your strength (+7).
   It affects your dexterity (-5).
   It protects you from fire.
   It greatly protects you from cold.
Wands
 b - a wand of paralysis (28)
 e - a wand of enslavement (16)
 m - a wand of polymorph (22)
 A - a wand of flame (18)
 G - a wand of disintegration (20)
 J - a wand of digging (10)
 L - a wand of acid (65)
 Q - a wand of iceblast (65)
Scrolls
 d - 6 scrolls of enchant armour
 h - 23 scrolls of remove curse
 i - a scroll of brand weapon
 k - 3 scrolls of fear
 p - 32 scrolls of teleportation
 t - 5 scrolls of fog
 v - 9 scrolls of amnesia
 I - 5 scrolls of blinking
 U - 4 scrolls of silence
 W - a scroll of holy word
 Y - 7 scrolls of magic mapping
 Z - 9 scrolls of identify
Potions
 f - 12 potions of curing
 g - 10 potions of mutation
 j - 6 potions of heal wounds
 u - 7 potions of berserk rage
 w - 4 potions of resistance
 x - 2 potions of might
 B - 4 potions of cancellation
 E - 6 potions of ambrosia
 F - 6 potions of magic
 M - 7 potions of lignification
 P - 13 potions of brilliance
 V - 6 potions of haste
Books
 a - a manual of Translocations


   Skills:
 + Level 21.7 Fighting
 + Level 18.8 Maces & Flails
 + Level 21.7 Armour
 + Level 16.2 Dodging
 + Level 20.3 Shields
 - Level 3.0 Spellcasting
   Level 3.3 Fire Magic
 * Level 20.1 Invocations


You had 32 spell levels left.
You didn't know any spells.
Your spell library contained the following spells:

 Spells                   Type           Power        Failure   Level
 Foxfire                  Conj/Fire      ##..         24%         1
 Animate Skeleton         Necr           #.....       43%         1
 Apportation              Tloc           #.....       43%         1
 Corona                   Hex            #......      43%         1
 Freeze                   Ice            #...         43%         1
 Magic Dart               Conj           #...         43%         1
 Pain                     Necr           #...         43%         1
 Sandblast                Erth           #.....       43%         1
 Shock                    Conj/Air       #...         43%         1
 Sting                    Tmut/Pois      #...         43%         1
 Summon Small Mammal      Summ           #...         43%         1
 Blink                    Tloc           N/A          58%         2
 Call Imp                 Summ           #.......     58%         2
 Corpse Rot               Necr/Air       N/A          58%         2
 Ensorcelled Hibernation  Hex/Ice        #.....       58%         2
 Passwall                 Tmut/Erth      #.......     58%         2
 Poisonous Vapours        Pois/Air       #.....       58%         2
 Searing Ray              Conj           #.....       58%         2
 Slow                     Hex            #.......     58%         2
 Swiftness                Air            #.......     58%         2
 Conjure Flame            Conj/Fire      ##......     58%         3
 Inner Flame              Hex/Fire       ##......     58%         3
 Ignite Poison            Fire/Tmut/Pois #.......     67%         3
 Call Canine Familiar     Summ           #.......     82%         3
 Confusing Touch          Hex            #.......     82%         3
 Dazzling Flash           Conj/Hex       #.....       82%         3
 Frozen Ramparts          Ice            #.....       82%         3
 Gell's Gravitas          Tloc           #.........   82%         3
 Lesser Beckoning         Tloc           #.........   82%         3
 Mephitic Cloud           Conj/Pois/Air  #.......     82%         3
 Ozocubu's Armour         Ice            #.......     82%         3
 Portal Projectile        Hex/Tloc       #.....       82%         3
 Static Discharge         Conj/Air       #.......     82%         3
 Stone Arrow              Conj/Erth      #.....       82%         3
 Summon Guardian Golem    Hex/Summ       #.......     82%         3
 Teleport Other           Tloc           #.......     82%         3
 Tukima's Dance           Hex            #.......     82%         3
 Vampiric Draining        Necr           #.........   82%         3
 Airstrike                Air            #.........   99%         4
 Animate Dead             Necr           #.........   99%         4
 Cause Fear               Hex            #.........   99%         4
 Dispel Undead            Necr           #.......     99%         4
 Fulminant Prism          Conj/Hex       #.........   99%         4
 Hailstorm                Conj/Ice       #.......     99%         4
 Ice Form                 Ice/Tmut       #.......     99%         4
 Iskenderun's Mystic Bla  Conj/Tloc      #.......     99%         4
 Leda's Liquefaction      Hex/Erth       #.........   99%         4
 Olgreb's Toxic Radiance  Pois           #.......     99%         4
 Passage of Golubria      Tloc           N/A          99%         4
 Petrify                  Tmut/Erth      #.......     99%         4
 Summon Ice Beast         Ice/Summ       #.......     99%         4
 Summon Lightning Spire   Summ/Air       #.......     99%         4
 Agony                    Necr           #.......     100%        5
 Alistair's Intoxication  Tmut/Pois      #........    100%        5
 Bolt of Magma            Conj/Fire/Erth #.........   100%        5
 Excruciating Wounds      Necr           #.........   100%        5
 Fireball                 Conj/Fire      ##........   100%        5
 Irradiate                Conj/Tmut      #.........   100%        5
 Lee's Rapid Deconstruct  Erth           #.........   100%        5
 Lightning Bolt           Conj/Air       #.........   100%        5
 Metabolic Englaciation   Hex/Ice        #.........   100%        5
 Silence                  Hex/Air        #.........   100%        5
 Summon Mana Viper        Hex/Summ       #.......     100%        5
 Yara's Violent Unravell  Hex/Tmut       #.........   100%        5
 Conjure Ball Lightning   Conj/Air       #.........   100%        6
 Eringya's Noxious Bog    Tmut/Pois      #.........   100%        6
 Freezing Cloud           Conj/Ice/Air   #.........   100%        6
 Invisibility             Hex            #.......     100%        6
 Iron Shot                Conj/Erth      #.........   100%        6
 Ozocubu's Refrigeration  Ice            #.........   100%        6
 Simulacrum               Ice/Necr       #.........   100%        6
 Starburst                Conj/Fire      ##........   100%        6
 Chain Lightning          Conj/Air       #.........   100%        8
 Discord                  Hex            #.........   100%        8
 Ignition                 Fire           ###.......   100%        8
 Lehudib's Crystal Spear  Conj/Erth      #.........   100%        8
 Absolute Zero            Ice            #.........   100%        9
 Fire Storm               Conj/Fire      ##........   100%        9
 Shatter                  Erth           #.........   100%        9
 Sublimation of Blood     Necr           Unusable     N/A         2
 Statue Form              Tmut/Erth      Unusable     N/A         6

Dungeon Overview and Level Annotations

Branches:
Dungeon (15/15)            Temple (0/1) D:5            Lair (6/6) D:11
 Shoals (4/4) Lair:4       Spider (4/4) Lair:4        Slime (0/5) Lair:6
    Orc (2/2) D:12            Elf (3/3) Orc:2        Vaults (5/5) D:14
  Crypt (0/3) Vaults:2     Depths (5/5) D:15         Bailey (visited)
  IceCv (visited)          WizLab (visited)         Desolation (visited)
    Zot: Depths:5

Altars:
Cheibriados
Elyvilon
Gozag
Kikubaaqudgha
Makhleb
Nemelex Xobeh
Okawaru
Sif Muna
Trog
Uskayaw
Vehumet
Wu Jian
Xom
Yredelemnul
Zin
The Shining One
Beogh
Jiyva
Lugonu

Shops:
D:5 ?   D:12 (}(:   Orc:1 (   Orc:2 **!=*   Shoals:3 (=!   Vaults:2 =
Vaults:4 [   Depths:4 }=}   Depths:5 [

Portals:
Hell: Depths:1 Depths:2 Depths:3
Abyss: D:11 Depths:2 Depths:3 Depths:4
Pandemonium: Depths:1 Depths:3 Depths:4

Annotations:
D:11 2 transporters, smeego's ghost, novice OpFi


Innate Abilities, Weirdness & Mutations

You are resistant to torment.
Your stone body is resilient. (AC +20)
You are immune to poison.
Your large and strong wings let you fly indefinitely.
You resist negative energy. (rN+)
You are resistant to electric shocks. (rElec)
You can survive without breathing.
You are immune to petrification.
You are immune to rotting.


Message History

You block the polar bear's attack. The death yak closely misses you.
The spriggan air mage waves its arms in wide circles.
The air twists around and violently strikes you in flight.
* * * LOW HITPOINT WARNING * * *
A green very ugly thing comes into view.
The spriggan berserker hits you with a +4 antimagic quarterstaff.
* * * LOW HITPOINT WARNING * * *
You feel your power leaking away. You block the polar bear's attack.
The polar bear claws you but does no damage.
You block the polar bear's attack.
The crimson imp blinks!
Your angel hits the vampire knight but does no damage. x2
You block the spriggan berserker's attack.
The fire dragon breathes flames at you. The blast of flame hits you!
You resist.
* * * LOW HITPOINT WARNING * * *
The vampire knight hits your angel with a +0 great mace.
The vampire knight closely misses your angel.
The death yak gores you!!
You die...

.#.....##
.........##
......"...#
..........#
..........#
..........#
..5...§.h§.#
.≈.....Gi@<##
≈≈≈..A)§Yi)T#######.
.≈≈.TV.DN##D..u.....
......5DVi#.........
...(....i)#.........
.......⌠.⌠#.........
....#...###Y.......
...###..###.##.....
..# #....).# .....


You could see an iron dragon (summoned), a green very ugly thing, 2 fire
dragons, a death yak (summoned, berserk), 2 vampire knights, a salamander, a
spriggan rider, a glowing orange brain, 2 spriggan berserkers, a deep troll
earth mage, a deep troll shaman, a polar bear (summoned, berserk), 2 crimson
imps and a friendly angel (summoned).

Vanquished Creatures
  2 ancient liches
  Mennas (Depths:4)
  A juggernaut (Depths:2)
  The ghost of hyperkahler the Slayer, a veteran MiFi of Cheibriados (Vaults:1)
  Boris (thrice) (Vaults:3 Depths:3 Depths:4)
  Bai Suzhen (Vaults:3)
  Margery (Vaults:2)
  5 caustic shrikes (Depths:4)
  6 golden dragons
  Nikola (Shoals:3)
  2 liches
  10 tentacled monstrosities
  The ghost of Lianjan the Warrior, an adept MiGl of Gozag (Shoals:3)
  Rupert (D:14)
  A deep elf master archer (Elf:3)
  4 deep elf blademasters
  5 titans
  2 quicksilver dragons
  3 sphinxes
  Polyphemus (Shoals:3)
  Donald (Vaults:3)
  4 shadow dragons
  The ghost of finalsalamander the Severer, an adept HOMo of Beogh (Shoals:3)
  4 storm dragons (Vaults:4)
  3 tengu reavers
  8 fire giants
  4 deep elf sorcerers (Elf:3)
  8 frost giants
  Aizul (Shoals:1)
  2 ghost moths (Spider:4)
  An iron dragon (Vaults:4)
  12 vault wardens
  A cacodemon (Depths:4)
  4 orc warlords
  Louise (Spider:4)
  7 emperor scorpions
  3 deep elf elementalists
  25 ironheart preservers
  A spriggan defender (Depths:2)
  2 angels (Elf:2)
  3 war gargoyles
  2 entropy weavers
  25 stone giants
  16 very ugly things
  2 vampire knights
  10 deep elf demonologists
  6 spark wasps
  A dire elephant (D:15)
  12 deep elf annihilators
  4 halazid warlocks (Desolation)
  A minotaur (shapeshifter) (Depths:2)
  2 merfolk javelineers
  2 crystal guardians
  8 deep elf death magi
  10 ettins
  A blizzard demon (Depths:1)
  Josephine (D:11)
  12 yaktaur captains
  5 ragged hierophants (Desolation)
  A mummy priest (WizLab)
  10 merfolk impalers
  3 deep elf high priests
  3 fire dragons
  15 ice dragons
  4 great orbs of eyes
  9 rakshasas
  Erolcha (Orc:2)
  A monstrous demonspawn (Depths:1)
  4 hydras
  7 ogre magi
  2 spriggan air magi
  30 vault guards
  3 peacekeepers (Desolation)
  7 servants of whispers (Desolation)
  7 merfolk avatars
  8 centaur warriors
  2 alligator snapping turtles
  9 boulder beetles
  19 two-headed ogres
  5 catoblepae
  A death knight (Vaults:4)
  4 merfolk aquamancers
  3 satyrs
  4 small abominations
  10 deep troll shamans
  11 death yaks
  4 tengu warriors
  8 deep troll earth magi
  A vampire mage (Depths:1)
  23 dancing weapons
  7 orc high priests
  A titan zombie (WizLab)
  2 soul eaters
  21 deep elf knights
  7 spriggan berserkers
  3 hell knights
  A sun demon (Depths:1)
  A spectral minotaur (Depths:3)
  2 iron trolls (Depths:4)
  2 skeletal warriors
  A fire crab (shapeshifter) (Vaults:2)
  5 shadow wraiths
  Nergalle (D:12)
  2 death drakes (Depths:3)
  7 glowing orange brains
  An unseen horror (shapeshifter) (Vaults:1)
  11 sea snakes
  30 deep trolls
  2 spectral hydras (Depths:3)
  6 large abominations
  6 unseen horrors
  15 deep elf archers
  8 flayed ghosts
  A wizard (Vaults:3)
  A shadow dragon zombie (WizLab)
  2 phantasmal warriors
  A harpy (shapeshifter) (Vaults:4)
  2 orange crystal statues (Depths:3)
  16 ironbrand convokers
  7 necromancers
  Pikel (D:6)
  19 wolf spiders
  A wolf spider zombie (D:11)
  2 fire giant zombies
  A tengu skeleton (Vaults:2)
  20 harpies
  A lindwurm (Lair:6)
  9 fauns
  12 orb spiders
  A stone giant zombie (Vaults:2)
  24 ugly things
  31 orc knights
  4 oklob plants (Lair:2)
  A manticore (shapeshifter) (Vaults:1)
  5 salamanders
  49 deep elf magi
  3 mana vipers (Depths:3)
  5 orc sorcerers (Orc:2)
  A frost giant zombie (WizLab)
  7 cyclopes
  A moth of wrath (Spider:4)
  A guardian serpent (shapeshifter) (Depths:4)
  6 elephants (Lair:3)
  A demonspawn zombie (WizLab)
  Maurice (D:13)
  4 guardian serpents (Desolation)
  21 manticores
  4 water nymphs
  11 vault sentinels
  3 centaur zombies
  A rust devil (Depths:4)
  A stone giant skeleton (Vaults:4)
  A molten gargoyle (Desolation)
  A black mamba (Lair:4)
  7 merfolk sirens
  6 torpor snails
  An orange demon (Depths:4)
  5 spectral swamp worms (Depths:2)
  2 gargoyles
  2 ice statues (IceCv)
  11 cane toads
  3 centaur skeletons
  2 efreet
  42 yaktaurs
  10 komodo dragons
  6 rime drakes
  A yaktaur zombie (WizLab)
  A rime drake (shapeshifter) (Vaults:4)
  A spectral merfolk (Depths:3)
  2 guardian mummies (WizLab)
  6 freezing wraiths
  2 hellwings (Depths:5)
  10 demonic crawlers
  19 jumping spiders
  10 trolls
  3 red devils
  A troll (shapeshifter) (Elf:1)
  21 merfolk
  5 wind drakes
  A slime creature (shapeshifter) (Vaults:5)
  A polar bear (Lair:6)
  Prince Ribbit (D:7)
  42 saltlings (Desolation)
  A polar bear (shapeshifter) (Vaults:3)
  Grinder (D:6)
  A raiju (Depths:3)
  A human simulacrum (Vaults:1)
  7 blink frogs
  A meliai zombie (D:11)
  2 fire dragon zombies (WizLab)
  16 hornets
  A blink frog (shapeshifter) (D:13)
  21 slime creatures
  8 dream sheep
  2 ice dragon zombies (WizLab)
  11 snapping turtles
  An ettin zombie (Vaults:4)
  13 wraiths
  21 tarantellas
  51 redbacks
  An ettin skeleton (Vaults:4)
  5 shadows
  5 spriggans
  3 vampires
  40 yaks
  Sigmund (D:6)
  2 air elementals
  A human (shapeshifter) (Vaults:3)
  A wyvern (shapeshifter) (Depths:1)
  23 water elementals
  A yak (shapeshifter) (Elf:2)
  2 tarantellas (shapeshifter) (Vaults:4)
  Eustachio (D:4)
  A spriggan (shapeshifter) (D:10)
  A wyvern (D:10)
  6 fire elementals
  A hog (shapeshifter) (Vaults:2)
  Grum (D:5)
  A steam dragon (D:13)
  A golden eye (shapeshifter) (Vaults:4)
  5 chaos spawn
  2 deep troll zombies (WizLab)
  2 vampire mosquitoes (D:15)
  5 basilisks
  A neqoxec (Depths:4)
  6 human zombies
  A warg (shapeshifter) (Depths:2)
  13 wargs
  3 hydra simulacra (Depths:3)
  2 soldier ants
  2 acid dragons
  7 hell hounds (Depths:3)
  9 water moccasins
  A floating eye (shapeshifter) (Depths:2)
  A spectral spriggan (Depths:3)
  4 spectral trolls (Depths:3)
  3 floating eyes
  4 sky beasts
  20 ice beasts
  5 black bears
  A meliai simulacrum (D:15)
  7 phantoms
  58 orc warriors
  An eye of draining (D:10)
  A hornet zombie (D:12)
  An ettin simulacrum (Vaults:4)
  2 necrophages
  25 ogres
  10 centaurs
  11 wolves
  A human skeleton (Vaults:1)
  15 boggarts
  2 lemures (D:6)
  2 big kobolds
  2 earth elementals (Elf:2)
  13 bullfrogs
  2 gnoll sergeants (D:5)
  A wyvern zombie (D:11)
  A water moccasin skeleton (D:5)
  4 scorpions
  14 killer bees
  An orc simulacrum (Vaults:1)
  2 spectral nagas (Depths:3)
  12 howler monkeys
  11 wights
  12 electric eels
  4 spectral centaurs (Depths:3)
  4 jellies
  4 crimson imps
  A bullfrog zombie (D:9)
  A quasit (D:14)
  25 orc wizards
  26 orc priests
  Crazy Yiuf (D:7)
  A gnoll shaman (D:5)
  18 hounds
  3 bullfrog skeletons
  4 hell rats (Lair:3)
  4 iguanas
  12 worker ants
  A centaur simulacrum (Depths:3)
  3 hound zombies
  A hound skeleton (D:4)
  A worker ant zombie (D:9)
  15 gnolls
  A howler monkey zombie (D:6)
  A howler monkey skeleton (D:9)
  8 adders
  9 shadow imps
  7 white imps
  3 ufetubi
  2 oozes (D:3)
  An adder skeleton (D:9)
  3 worms (D:2)
  5 leopard geckos
  101 orcs
  4 bats
  6 giant cockroaches
  16 goblins
  7 hobgoblins
  12 jackals
  18 kobolds
  4 quokkas
  6 ball pythons
  2 frilled lizards (D:3)
  A jackal skeleton (D:4)
  A leopard gecko skeleton (D:6)
  A quokka skeleton (D:6)
  8 rats
  3 crawling corpses
2061 creatures vanquished.

Vanquished Creatures (collateral kills)
  Xtahua (Vaults:2)
  A tentacled monstrosity (Vaults:5)
  A storm dragon (Vaults:2)
  2 vault wardens (Vaults:2)
  An imperial myrmidon (Desolation)
  A deep elf sorcerer (Vaults:2)
  2 crystal guardians
  An ice dragon (IceCv)
  A vault guard (Vaults:2)
  A dancing weapon (Elf:3)
  A death yak (Shoals:3)
  A deep elf knight (Vaults:5)
  A large abomination (Vaults:5)
  2 deep trolls (Vaults:2)
  A deep elf archer (Vaults:2)
  A necromancer (Vaults:2)
  A wolf spider (Spider:3)
  An orb spider (Spider:3)
  A deep elf mage (Vaults:2)
  A manticore (Shoals:3)
  A vault sentinel (Vaults:2)
  A moth of wrath (Spider:3)
  A demonic crawler (Spider:3)
  A jumping spider (Spider:4)
  2 saltlings (Desolation)
29 creatures vanquished.

Vanquished Creatures (others)
  A fire giant (Vaults:5)
  A lindwurm (shapeshifter) (Vaults:5)
  A freezing wraith (Vaults:4)
  A polar bear (Lair:5)
  A golden eye (shapeshifter) (Depths:2)
  A boggart (Depths:2)
  A wolf (Depths:3)
  An orc priest (Orc:2)
  An adder skeleton (D:9)
  2 orcs (D:9)
  A kobold (D:12)
  A crawling corpse (Vaults:5)
  19 fungi
  51 plants
83 creatures vanquished.

Grand Total: 2173 creatures vanquished

Notes
Turn   | Place    | Note
-------+----------+-------------------------------------------
     0 | D:1      | reriks the Gargoyle Fighter began the quest for the Orb.
     0 | D:1      | Reached XP level 1. HP: 14/14 MP: 1/1
   266 | D:1      | Reached XP level 2. HP: 15/19 MP: 2/2
   741 | D:1      | Reached XP level 3. HP: 23/23 MP: 3/3
  1064 | D:2      | Found a faded altar of an unknown god.
  1248 | D:2      | Reached skill level 1 in Dodging
  1248 | D:2      | Reached XP level 4. HP: 26/29 MP: 4/4
  1644 | D:3      | Found a burning altar of Makhleb.
  1926 | D:3      | Reached XP level 5. HP: 33/33 MP: 5/5
  2124 | D:3      | Found a shimmering altar of Xom.
  2548 | D:4      | Reached XP level 6. HP: 38/38 MP: 6/6
  2645 | D:4      | Noticed a phantom
  2690 | D:4      | Killed a phantom
  2985 | D:4      | Reached XP level 7. HP: 37/44 MP: 7/7
  3492 | D:4      | Found a hide-covered altar of Uskayaw.
  3492 | D:4      | Found an iron altar of Okawaru.
  3497 | D:4      | Found a faded altar of an unknown god.
  3499 | D:4      | Found a glowing golden altar of the Shining One.
  3501 | D:4      | Found a sparkling altar of Nemelex Xobeh.
  3505 | D:4      | Became a worshipper of the Shining One
  3573 | D:5      | Entered Level 5 of the Dungeon
  3740 | D:5      | Noticed Eustachio
  4218 | D:4      | Reached skill level 5 in Fighting
  4218 | D:4      | Reached skill level 5 in Armour
  4218 | D:4      | Reached skill level 5 in Shields
  4301 | D:4      | Killed Eustachio
  4522 | D:5      | Reached XP level 8. HP: 36/49 MP: 8/8
  4566 | D:5      | Reached * piety under the Shining One
  4987 | D:5      | Noticed Grum
  4993 | D:5      | Killed Grum
  5169 | D:5      | Reached skill level 5 in Maces & Flails
  5316 | D:5      | Reached XP level 9. HP: 49/56 MP: 9/9
  5353 | D:5      | Found a staircase to the Ecumenical Temple.
  5462 | D:5      | Found Woveenn's Magic Scroll Shoppe.
  5660 | D:5      | Found an ornate altar of the Wu Jian Council.
  5925 | D:6      | Found a shimmering altar of Xom.
  5946 | D:6      | Noticed Grinder
  5947 | D:6      | Noticed Sigmund
  5956 | D:6      | Killed Grinder
  5967 | D:6      | Killed Sigmund
  6138 | D:6      | Reached ** piety under the Shining One
  6160 | D:6      | Noticed Pikel
  6198 | D:6      | Killed Pikel
  6561 | D:7      | Found a flagged portal.
  6572 | D:7      | Reached XP level 10. HP: 51/63 MP: 10/10
  6631 | Bailey   | Entered a bailey
  6651 | Bailey   | Noticed an orc warlord
  7031 | Bailey   | Noticed an orc knight
  7051 | Bailey   | Reached skill level 5 in Dodging
  7073 | Bailey   | Killed an orc knight
  7337 | Bailey   | Found a runed translucent gate.
  7337 | Bailey   | Found a runed translucent gate.
  7337 | Bailey   | Found a runed translucent gate.
  7427 | Bailey   | Killed an orc warlord
  7747 | D:7      | Found an opulent altar of Gozag.
  7747 | D:7      | Noticed Prince Ribbit
  7763 | D:7      | Killed Prince Ribbit
  8178 | D:7      | Found a shimmering blue altar of Sif Muna.
  8420 | D:7      | Reached XP level 11. HP: 51/69 MP: 7/11
  8682 | D:7      | Found a runed translucent door.
  8683 | D:7      | Noticed Crazy Yiuf
  8691 | D:7      | Killed Crazy Yiuf
  8941 | D:8      | Found a bloodstained altar of Trog.
  9578 | D:9      | Reached *** piety under the Shining One
 10416 | D:10     | Entered Level 10 of the Dungeon
 10600 | D:10     | Reached **** piety under the Shining One
 10677 | D:10     | Noticed an unseen horror
 10684 | D:10     | Killed an unseen horror
 10764 | D:10     | Noticed an unseen horror
 10778 | D:10     | Killed an unseen horror
 11064 | D:11     | Noticed a wizard
 11065 | D:11     | Noticed a thrashing horror
 11071 | D:11     | Identified the cursed +1 halberd "Pennet" {distort, +Inv
                  | rF+ Int+3}
 11071 | D:11     | Noticed a skeletal warrior
 11074 | D:11     | Found a transporter.
 11088 | D:11     | Found a transporter.
 11089 | D:11     | Found a one-way gate to the infinite horrors of the Abyss.
 11096 | D:11     | Noticed smeego's ghost (novice OpFi)
 11133 | D:11     | Noticed a boulder beetle
 11139 | D:11     | Killed a boulder beetle
 11139 | D:11     | Reached skill level 1 in Invocations
 11178 | D:11     | Found a staircase to the Lair.
 11223 | D:11     | Noticed a cyclops
 11233 | D:11     | Killed a cyclops
 11507 | D:11     | Noticed a boulder beetle
 11521 | D:11     | Killed a boulder beetle
 11521 | D:11     | Reached XP level 12. HP: 77/77 MP: 12/14
 11659 | D:11     | Noticed a two-headed ogre
 11673 | D:11     | Killed a two-headed ogre
 11673 | D:11     | Reached skill level 10 in Fighting
 11673 | D:11     | Reached skill level 10 in Armour
 11954 | D:11     | Got a shimmering lead ring
 12046 | D:11     | Reached skill level 10 in Shields
 12185 | Lair:1   | Entered Level 1 of the Lair of Beasts
 12465 | Lair:1   | Noticed a seven-headed hydra
 12487 | Lair:1   | Killed a seven-headed hydra
 12825 | Lair:1   | Reached skill level 5 in Invocations
 13580 | Lair:1   | Identified the ring "Uqaida Wysu" {rF+ rC++ Str+7 Dex-5}
                  | (You found it on level 11 of the Dungeon)
 13789 | Lair:2   | Reached ***** piety under the Shining One
 14155 | Lair:2   | Noticed a death yak
 14178 | Lair:2   | Killed a death yak
 14519 | Lair:2   | Reached XP level 13. HP: 65/83 MP: 17/17
 18040 | Lair:4   | Got a smoking steel ring
 18244 | Lair:4   | Identified the ring of Accord {EV+4 Str+2} (You found it on
                  | level 4 of the Lair of Beasts)
 18300 | Lair:4   | Reached skill level 10 in Maces & Flails
 18315 | Lair:4   | Found a hole to the Spider Nest.
 18476 | Lair:4   | Found a staircase to the Shoals.
 19383 | Lair:5   | Found a frozen archway.
 19384 | Lair:5   | Noticed an ice dragon
 19767 | Lair:5   | Killed an ice dragon
 19782 | IceCv    | Entered an ice cave
 20108 | IceCv    | Gained mutation: Your large and strong wings let you fly
                  | indefinitely. [Gargoyle growth]
 20108 | IceCv    | Reached XP level 14. HP: 71/90 MP: 20/20
 20774 | Lair:5   | Got an ancient quarterstaff
 21586 | D:9      | Got a crystal long sword
 21614 | D:9      | Got a translucent long sword
 21691 | D:5      | Bought a scroll of identify for 30 gold pieces
 21691 | D:5      | Bought a scroll of identify for 30 gold pieces
 21691 | D:5      | Identified the +3 long sword of the Median {protect, MR++
                  | Str+2 Int+4 Dex-3} (You found it on level 9 of the Dungeon)
 21692 | D:5      | Identified the cursed +2 long sword of a sewer {freeze,
                  | +Blink rPois rC+ MR++} (You found it on level 9 of the
                  | Dungeon)
 21938 | Lair:6   | Entered Level 6 of the Lair of Beasts
 21987 | Lair:6   | Found a staircase to the Slime Pits.
 21987 | Lair:6   | Found a viscous altar of Jiyva.
 22501 | Lair:6   | Reached skill level 10 in Invocations
 24347 | D:12     | Found Wiydduaf's Gadget Shop.
 24410 | D:12     | Noticed Josephine
 24492 | D:11     | Killed Josephine
 24673 | D:12     | Reached ****** piety under the Shining One
 24919 | D:12     | Found Luethrea's Antique Weapon Boutique.
 24939 | D:12     | Found Nosietiy's Book Shoppe.
 25107 | D:12     | Found Wiguso's Antique Weapon Shop.
 25275 | D:12     | Found a staircase to the Orcish Mines.
 25294 | D:12     | Found a roughly hewn altar of Beogh.
 25845 | D:13     | Noticed Maurice
 25875 | D:13     | Killed Maurice
 26240 | D:13     | Reached XP level 15. HP: 96/96 MP: 23/23
 26706 | Orc:1    | Entered Level 1 of the Orcish Mines
 26709 | Orc:1    | Found Zisog's Weapon Shoppe.
 26711 | Orc:1    | Noticed Nergalle
 26876 | D:12     | Killed Nergalle
 27142 | Orc:2    | Entered Level 2 of the Orcish Mines
 27541 | Orc:2    | Found Lexet's Assorted Antiques.
 27773 | Orc:2    | Bought a twitching bronze ring for 170 gold pieces
 27776 | Orc:2    | Found Pesaeb's Jewellery Emporium.
 27839 | Orc:2    | Noticed Erolcha
 27853 | Orc:2    | Killed Erolcha
 29523 | Orc:2    | Found a staircase to the Elven Halls.
 29758 | Orc:2    | Paralysed by an orc sorcerer for 2 turns
 30278 | Orc:2    | Found Fareuvid's General Store.
 30515 | Elf:1    | Entered Level 1 of the Elven Halls
 31547 | Orc:2    | Found Muaqikur's Distillery.
 31553 | Orc:2    | Found Ohicecad's Distillery.
 31758 | Orc:2    | Found Mugoeno's Gadget Shoppe.
 31760 | Orc:2    | Found Ysuiheov's General Store.
 31768 | Orc:2    | Bought a scroll of identify for 32 gold pieces
 31768 | Orc:2    | Bought a scroll of identify for 32 gold pieces
 31846 | Orc:2    | Identified the ring "Beadam" {rElec Int+3 Stlth+} (You
                  | bought it in a shop on level 2 of the Orcish Mines)
 32802 | D:14     | Found a gate to the Vaults.
 33217 | D:14     | Noticed Rupert
 33219 | D:14     | Paralysed by Rupert for 2 turns
 33256 | D:14     | Killed Rupert
 34315 | D:15     | Entered Level 15 of the Dungeon
 35016 | Spider:1 | Entered Level 1 of the Spider Nest
 35026 | Spider:1 | Reached XP level 16. HP: 91/103 MP: 25/25
 35241 | Spider:1 | Reached skill level 10 in Dodging
 35447 | Spider:1 | Reached XP level 17. HP: 108/108 MP: 26/26
 35448 | Spider:1 | Reached XP level 18. HP: 114/114 MP: 26/28
 36224 | Spider:1 | You are sucked into a shaft and drop 1 floor!
 36883 | Spider:2 | You are sucked into a shaft and drop 1 floor!
 36884 | Spider:3 | Identified a scroll of acquirement
 36884 | Spider:3 | Acquired a +6 eveningstar of holy wrath
 38483 | Spider:4 | Entered Level 4 of the Spider Nest
 39124 | Spider:3 | Acquired 999 gold pieces
 39699 | Spider:4 | Got a warped chain mail
 39717 | Spider:4 | Noticed Louise
 40087 | Spider:4 | Killed Louise
 40498 | Spider:4 | Got an encrusted flail
 40499 | Spider:4 | Identified the cursed +2 flail of Amorality {flame, rF+
                  | MR+} (You found it on level 4 of the Spider Nest)
 40500 | Spider:4 | Identified the +1 chain mail "Xaunucho" {SInv} (You found
                  | it on level 4 of the Spider Nest)
 42064 | Spider:4 | Got a gossamer rune of Zot
 42647 | Vaults:1 | Entered Level 1 of the Vaults
 42657 | D:14     | Reached XP level 19. HP: 120/121 MP: 29/29
 43171 | Vaults:1 | Found a runed translucent gate.
 43173 | Vaults:1 | Found a runed translucent gate.
 43173 | Vaults:1 | Found a runed translucent gate.
 43177 | Vaults:1 | Noticed hyperkahler's ghost (veteran MiFi)
 43177 | Vaults:1 | Identified the +2 scimitar "reriks's Curse" {flame, rN+
                  | Dex+4}
 43177 | Vaults:1 | Identified the +0 chain mail "Put-Me-On" {rCorr Slay-3 SInv
                  | Stlth+}
 43177 | Vaults:1 | Identified the +1 kite shield "Ucinwa" {Harm +Inv MR-}
 43904 | Vaults:1 | Found a roughly hewn altar of Beogh.
 45091 | Vaults:1 | Found a roughly hewn altar of Beogh.
 45319 | Vaults:2 | Noticed Xtahua
 45902 | Elf:1    | Reached skill level 15 in Armour
 45997 | Elf:1    | Reached skill level 15 in Shields
 46013 | Elf:1    | Reached skill level 15 in Fighting
 47012 | Elf:2    | Found a white marble altar of Elyvilon.
 47012 | Elf:2    | Found a glowing silver altar of Zin.
 47013 | Elf:2    | Found a ruined gateway.
 47014 | Elf:2    | Found a glowing golden altar of the Shining One.
 47101 | Desolati | Entered the Desolation of Salt
 47399 | Desolati | Reached XP level 20. HP: 129/129 MP: 30/30
 47600 | Desolati | Identified the Incunabulum of Icy Battle Magic
 47871 | Desolati | Got a steaming trident
 47872 | Desolati | Identified Roxocuuf's Tome of Entrancing Ignition
 48451 | Desolati | Identified the ring "Xesap" {*Tele Int+3 Slay+3 SInv}
 48773 | Desolati | Got a scorched gossamer ring
 48777 | Desolati | Got a pitted arbalest
 48785 | Desolati | Identified the +3 trident of Rueh {freeze, *Corrode rPois
                  | rC++ Stlth+} (You found it in the Desolation of Salt)
 48788 | Desolati | Identified the ring of Kabeidio {rPois SInv Stlth+} (You
                  | found it in the Desolation of Salt)
 49068 | Elf:2    | Found a runed translucent gate.
 49068 | Elf:2    | Found a runed translucent gate.
 49072 | Elf:2    | Found a runed translucent gate.
 50634 | Elf:3    | Entered Level 3 of the Elven Halls
 52375 | Elf:3    | Identified the +8 trident of Causality {elec, rC+}
 53369 | Elf:3    | Noticed a Brimstone Fiend
 53700 | Elf:2    | Reached XP level 21. HP: 136/136 MP: 31/31
 53939 | Elf:3    | Reached skill level 15 in Maces & Flails
 55395 | Elf:3    | Acquired a manual of Fighting
 55755 | Elf:3    | Found the +12 Vampire's Tooth {vamp}
 56142 | Shoals:1 | Entered Level 1 of the Shoals
 56147 | Shoals:1 | Got a slimy ring mail
 56342 | Shoals:1 | Noticed Aizul
 56361 | Shoals:1 | Killed Aizul
 58361 | Shoals:2 | Identified the Papyrus of Curses and Lightness
 58644 | Shoals:3 | Found Qumiul's Distillery.
 58657 | Shoals:3 | Found Moijoaxa's Jewellery Emporium.
 58805 | Shoals:3 | Bought a potion of resistance for 130 gold pieces
 58805 | Shoals:3 | Bought a potion of curing for 39 gold pieces
 58805 | Shoals:3 | Bought a potion of curing for 39 gold pieces
 58805 | Shoals:3 | Bought a potion of haste for 130 gold pieces
 58937 | Shoals:3 | Found Unynk's Antique Weapon Emporium.
 58951 | Shoals:3 | Noticed Nikola
 59087 | Shoals:3 | Killed Nikola
 59672 | Shoals:3 | Bought the ring of No Interval {rCorr Slay+5} for 816 gold
                  | pieces
 59939 | Shoals:3 | Found a runed translucent gate.
 59940 | Shoals:3 | Found a runed translucent gate.
 59941 | Shoals:3 | Found a runed translucent gate.
 59944 | Shoals:3 | Noticed Lianjan's ghost (adept MiGl)
 59944 | Shoals:3 | Noticed finalsalamander's ghost (adept HOMo)
 59953 | Shoals:3 | Noticed Polyphemus
 59954 | Shoals:3 | Killed finalsalamander's ghost
 59973 | Shoals:3 | Killed Lianjan's ghost
 59976 | Shoals:3 | Killed Polyphemus
 60061 | Shoals:3 | Got a vibrating iron ring
 60442 | Shoals:3 | Identified the ring of Xemmix {rElec Str-3 Int+7 Slay+4
                  | SInv} (You found it on level 3 of the Shoals)
 60456 | Shoals:4 | Entered Level 4 of the Shoals
 61275 | Shoals:4 | Reached XP level 22. HP: 145/145 MP: 32/32
 61508 | Shoals:4 | Got a barnacled rune of Zot
 62790 | Vaults:1 | Killed hyperkahler's ghost
 62976 | Vaults:1 | Got a shimmering cloak
 62977 | Vaults:1 | Identified the +1 cloak of Contentment {rPois Str+7 Int-5
                  | Dex-4} (You found it on level 1 of the Vaults)
 63654 | Vaults:2 | Noticed Margery
 63673 | Vaults:2 | Killed Margery
 63700 | Vaults:2 | Killed Xtahua
 63827 | Vaults:2 | Found Vatom's Jewellery Boutique.
 64249 | Vaults:2 | Found a staircase to the Crypt.
 64249 | Vaults:2 | Found an ancient bone altar of Kikubaaqudgha.
 64250 | Vaults:2 | Found a basalt altar of Yredelemnul.
 64872 | Vaults:3 | Noticed Bai Suzhen
 64887 | Vaults:3 | Killed Bai Suzhen
 65271 | Vaults:3 | Reached XP level 23. HP: 130/155 MP: 33/33
 65450 | Vaults:3 | Noticed Boris
 65463 | Vaults:3 | Killed Boris
 65629 | Vaults:3 | Noticed Donald
 65654 | Vaults:3 | Killed Donald
 66428 | Vaults:4 | Paralysed by a sphinx for 4 turns
 66779 | Vaults:4 | Reached skill level 15 in Invocations
 68421 | Vaults:4 | Found Idwim's Antique Armour Emporium.
 68808 | Vaults:5 | Entered Level 5 of the Vaults
 68822 | Vaults:5 | Reached XP level 24. HP: 102/163 MP: 7/34
 71471 | D:15     | Got an ancient amber ring
 71542 | D:15     | Found a staircase to the Depths.
 71976 | D:15     | Found a glowing golden altar of the Shining One.
 72016 | Depths:1 | Entered Level 1 of the Depths
 72100 | Depths:1 | Found a magical portal.
 72131 | WizLab   | Entered Doroklohe's Tomb
 72159 | WizLab   | Reached skill level 15 in Dodging
 72407 | WizLab   | Noticed an ancient lich
 72435 | WizLab   | Killed an ancient lich
 72656 | WizLab   | Got a transparent helmet
 72667 | WizLab   | Identified the +0 helmet of the Accordion {Rampage rF+++
                  | Regen+ Slay-4} (You found it in a wizard's laboratory)
 72728 | WizLab   | Identified the ring "Qoqihur" {rC+ rN+ rCorr Int+5 Dex-3}
                  | (You found it on level 15 of the Dungeon)
 72871 | Depths:1 | Found a one-way gate leading to the halls of Pandemonium.
 72944 | Depths:1 | Reached XP level 25. HP: 153/169 MP: 35/35
 72949 | Depths:1 | Found a radiant altar of Vehumet.
 72974 | Depths:1 | Found a gateway to Hell.
 73903 | Depths:2 | Found a burning altar of Makhleb.
 74118 | Depths:2 | Noticed a juggernaut
 74132 | Depths:2 | Paralysed by a floating eye for 4 turns
 74138 | Depths:2 | Paralysed by a floating eye for 3 turns
 74152 | Depths:2 | Killed a juggernaut
 74156 | Depths:2 | Paralysed by a floating eye for 3 turns
 74527 | Depths:2 | Identified the cursed +1 war axe of the Lonely Prophets
                  | {flame, rPois rF+++ Int-3 SInv}
 76377 | Vaults:5 | Identified the Incunabulum of Beguiling and Weightlessness
 76447 | Vaults:5 | Got a silver rune of Zot
 76787 | Vaults:5 | Reached XP level 26. HP: 138/177 MP: 36/36
 77728 | Depths:3 | Paralysed by a floating eye for 3 turns
 78679 | Depths:3 | Noticed Boris
 78697 | Depths:3 | Killed Boris
 78771 | Depths:3 | Reached XP level 27. HP: 182/182 MP: 36/36
 78849 | Depths:3 | Noticed an ancient lich
 78869 | Depths:3 | Killed an ancient lich
 79105 | Depths:3 | Acquired a manual of Translocations
 79107 | Depths:3 | Acquired the +5 kite shield of Eternity {rElec rC+ Str+2}
 79109 | Depths:3 | Acquired 733 gold pieces
 79111 | Depths:3 | Acquired 527 gold pieces
 79113 | Depths:3 | Acquired the +2 pair of gloves of the Bells {Str+2}
 79137 | Depths:3 | Acquired 1289 gold pieces
 79317 | Depths:4 | Found a snail-covered altar of Cheibriados.
 79339 | Depths:4 | Noticed Mennas
 79454 | Depths:4 | Killed Mennas
 79656 | Depths:4 | Noticed Boris
 79677 | Depths:4 | Killed Boris
 80122 | Orc:2    | Bought a scroll of enchant weapon for 120 gold pieces
 80352 | D:5      | Bought a scroll of enchant weapon for 112 gold pieces
 80352 | D:5      | Bought 3 scrolls of enchant armour for 337 gold pieces
 80578 | Depths:4 | Found a corrupted altar of Lugonu.
 80738 | Depths:4 | Found Xomiman's Gadget Boutique.
 80738 | Depths:4 | Found Nithre Kyuh's Jewellery Emporium.
 80739 | Depths:4 | Found Soenunotu's Gadget Boutique.
 80750 | Depths:4 | Bought the macabre finger necklace {rN+} for 640 gold
                  | pieces
 80750 | Depths:4 | Found the macabre finger necklace {rN+}
 80962 | Orc:2    | Bought the ring "Keste" {Fire rN+ Dex+5 Slay+3} for 593
                  | gold pieces
 81623 | Depths:5 | Entered Level 5 of the Depths
 81624 | Depths:5 | Found Qumuqeef's Armour Boutique.
 81766 | Depths:5 | HP: 4/184 [fire dragon/blast of flame[a glowing orange
                  | brain] (10)]
 81766 | Depths:5 | Demolished by a death yak

Illustrated notes

Levels and vault maps discovered:
D:1:      ncdulo_wetmaze, layout_basic
D:2:      layout_rooms, chequers_ecumenical_altar_island
D:3:      layout_basic, makhleb_heckhound_becter, xom_teletrap_fun
D:4:      layout_cave_pods, chequers_temple_overflow_minitemple, serial_glass,
          glass_columns_c, glass_columns_a, minmay_circle_x
D:5:      layout_cave_pools, nicolae_overflow_hidden_temple,
          minmay_temple_entry_slanted, serial_gnoll_camp,
          gnoll_camp_mini_doghouse, gnoll_camp_mini_shop, grums_kennel,
          gnoll_camp_huts_basic, gnoll_camp_mini_hut, hex_medium, uniq_eustachio
D:6:      layout_rooms, kennysheep_little_box, hangedman_abyss_or_decor_slice,
          uniq_pikel, uniq_sigmund, uniq_grinder
D:7:      layout_basic, led_sif_pool, enter_bailey_3,
          nicolae_gozag_seed_capital, uniq_crazy_yiuf_cottage,
          uniq_prince_ribbit1
D:8:      layout_cave_pools, bloody_trog
D:9:      layout_basic, serial_aquarium, aquarium_bridge_long_joined
          [aquarium_subvault_bridge, aquarium_subvault_bridge,
          aquarium_subvault_window, aquarium_subvault_bridge,
          aquarium_subvault_wall, aquarium_subvault_window],
          aquarium_window_corridor_2, aquarium_window_fake, aquarium_window_2,
          aquarium_view_2c, aquarium_view_2b, uniq_grum
D:10:     layout_basic, minmay_radiant
D:11:     layout_small_grid, lair_entry_dummy, gammafunk_ghost_abyssal_escape,
          hangedman_decor_points, nicolae_benzene_ring,
          hangedman_abyss_or_decor_stabs, kennysheep_generic_room_13
D:12:     layout_long_grid, minmay_orc_entry_temple_small, serial_shops,
          kennysheep_mini_moat, shop, shop, shop, uniq_josephine
D:13:     layout_cave_pools, uniq_maurice
D:14:     layout_basic, skrybe_vaults_entry_preservation,
          kennysheep_small_spiral, uniq_rupert
D:15:     hangedman_depths_entry_try_elsewhere_first, layout_gridville,
          tso_altar
Lair:1:   layout_cave_pods, chequers_serial_rivers_micro_d, lemuel_fruit_fields
Lair:2:   layout_hall_layers, minmay_lair_oklob_chamber
Lair:3:   layout_chaotic_city, grunt_megastairs_4
Lair:4:   layout_hall_layers, minmay_shoals_entry_beasts,
          spider_nest_entry_funnel_web, grunt_forest_stairs_basic,
          wad_woods_road_01, columned_hall_lemuel,
          nicolae_quartered_pool_little, minivault_23,
          chequers_serial_rivers_marsh, grunt_forest_large_clearing_hut
Lair:5:   layout_gridlike, portal_ice_cave_entry_animals_and_master
Lair:6:   evilmike_catoblepas_cave, layout_gridlike, slime_altar_1,
          chequers_serial_rivers_micro_a, lemuel_fruit_fields
Shoals:1: layout_shoals, uniq_aizul
Shoals:2: layout_shoals
Shoals:3: layout_shoals, serial_shops, shop, shop, nicolae_shop_crystal,
          gammafunk_ghost_cemetery, uniq_nikola, uniq_polyphemus
Shoals:4: shoals_end_grunt_ice, layout_shoals
Spider:1: layout_chambers
Spider:2: layout_spider_delve
Spider:3: layout_spider_delve
Spider:4: guppyfry_spider_rune, drop_trap, uniq_louise
Orc:1:    layout_caves, serial_shops, shop, uniq_nergalle
Orc:2:    st_orc_elflike, layout_diamond_mine, serial_shops, shop, shop, shop,
          uniq_erolcha
Elf:1:    layout_geoelf_octagon, minmay_elf_crystal_hexagon, grunt_ministairs_1
Elf:2:    layout_loops_ring, portal_desolation_entry_holy_temple
Elf:3:    minmay_elf_hall_hex, layout_loops_corners
Vaults:1: biasface_vaults_ghost_orc_armoury, ontoclasm_vaults_chip,
          nicolae_vaults_three_branches, special_room_vaults [special_room_orc],
          ontoclasm_vaults_eye, layout_vaults_quadrants
Vaults:2: hangedman_vaults_corner, st_hourglassy,
          nicolae_vaults_little_squares_4, vaults_room_ringed_pool,
          vaults_room_pool, vaults_room_door_hall, v_misc_26,
          hangedman_vaults_stitches, v_misc_16, v_misc_31, v_rooms_1,
          hangedman_vaults_stretched_pinwheel, minmay_crypt_entry_necro_gods,
          v_misc_16, layout_vaults_omnibox, serial_shops, shop, uniq_xtahua,
          uniq_margery
Vaults:3: vaults_room_pool, nicolae_vaults_hallways_thing,
          ontoclasm_vaults_hangar, v_rooms_3, nicolae_vaults_little_squares_3,
          nicolae_vaults_ring_of_whatevers, vaults_mumra_hexcomb,
          vaults_room_grid, ontoclasm_vaults_gateway, ontoclasm_vaults_bender,
          v_misc_16, v_pattern_2, v_misc_11, nicolae_vaults_ninety_degrees,
          layout_vaults_maze, uniq_bai_suzhen, uniq_boris, uniq_donald
Vaults:4: hangedman_vaults_river_flow, ontoclasm_vaults_shout,
          ontoclasm_vaults_hangar, hangedman_vaults_slice, v_pattern_3,
          ontoclasm_vaults_tryst, v_misc_16,
          vaults_standard_mumra_enter_the_diamond, vaults_dpeg_ring,
          hangedman_vaults_hat, dpeg_vaults_monster_box,
          nicolae_vaults_little_squares_2, grunt_vaults_hallway_long,
          nicolae_vaults_little_squares_5, vaults_room_grid,
          layout_vaults_big_cross, serial_shops, nicolae_shop_overgrown_old_shop
Vaults:5
Depths:1: layout_cave_pools, mu_enter_wizlab_4, hell_entry, basic_altar,
          rand_demon_pan_entry_3, grunt_ministairs_7, kennysheep_generic_room_10
Depths:2: evilmike_diamond_2, layout_basic, pf_hell_entry_tar_river,
          lemuel_crystal_altar, minmay_room_of_horrors, moated_statue,
          lightli_corner_chamber
Depths:3: lemuel_river_lethe, abyss_entry, hell_entry, pan_entry
Depths:4: minmay_inner_zag, layout_basic, abyss_entry_flame_altar,
          cheibriados_altar_1, lightli_too_deep, grunt_pan_entry_spiral,
          minmay_shop_grove, uniq_mennas
Depths:5: grunt_zot_entry_alcove, layout_cave_shapes, enter_ziggurat_b,
          hellmouth_3, ashenzari_altar_1, serial_glass, glass_columns_c,
          glass_columns_b, glass_columns_a, glass_columns_a, glass_columns_c,
          glass_columns_a, glass_columns_c, glass_columns_b, glass_columns_c,
          glass_columns_c, glass_columns_a, glass_columns_b, glass_columns_c,
          glass_columns_b, serial_shops, shop_fountains, abyss_entry

Skill      XL: |  1  2  3  4  5  6  7  8  9 10 11 12 13 14 15 16 17 18 19 20 21 22 23 24 25 26 27 |
---------------+----------------------------------------------------------------------------------+-----
Dodging        | 1 2 3 4 6 7 8 9 10 11 12 13 14 15 16 | 16.2
Shields        | 4 5 6 7 8 9 10 11 12 13 14 15 16 17 18 19 20 | 20.3
Fighting       | 4 5 6 7 8 9 10 11 12 13 14 15 16 17 19 20 21 | 21.7
Armour         | 4 5 6 7 8 9 10 11 12 13 14 15 16 17 19 20 21 | 21.7
Maces & Flails | 3 4 5 6 7 8 9 10 11 12 13 14 15 16 17 18 | 18.8
Invocations    | 3 6 9 11 12 13 14 15 17 18 19 20 | 20.1
Spellcasting   | 3 |  3.0
Fire Magic     | 3 |  3.3

Action                   |  1- 3 |  4- 6 |  7- 9 | 10-12 | 13-15 | 16-18 | 19-21 | 22-24 | 25-27 || total
-------------------------+-------+-------+-------+-------+-------+-------+-------+-------+-------++-------
Melee: Flail             |   116 |   257 |    79 |       |       |       |       |       |       ||   452
       Mace              |       |       |   239 |   764 |  1795 |   156 |       |       |       ||  2954
       Eveningstar       |       |       |       |       |       |   491 |  1751 |  1277 |  1409 ||  4928
Throw: Boomerang         |       |       |       |       |     2 |    10 |       |       |       ||    12
Invok: Summon Divine War |       |       |       |       |     1 |     2 |     6 |     7 |     2 ||    18
       Cleansing Flame   |       |       |       |       |       |       |     1 |    11 |     3 ||    15
       Divine Shield     |       |       |       |       |       |       |     1 |     1 |     1 ||     3
 Abil: Fly               |       |       |       |       |     1 |       |       |       |       ||     1
Evoke: Wand              |       |       |       |     3 |    31 |       |     2 |     2 |       ||    38
  Use: Scroll            |       |     4 |     9 |     8 |    15 |     8 |    11 |     8 |    11 ||    74
       Potion            |       |     1 |     2 |     3 |     1 |     3 |     2 |     2 |     2 ||    16
Armor: Scale mail        |    69 |   180 |    95 |       |       |       |       |       |       ||   344
       Ring mail         |       |       |   110 |    31 |       |       |       |       |       ||   141
       Plate armour      |       |       |       |   405 |  1164 |   673 |   923 |   852 |   955 ||  4972
Dodge: Dodged            |    39 |   106 |   167 |   268 |   588 |   359 |   441 |   489 |   389 ||  2846
Block: Kite shield       |    60 |   179 |   235 |   466 |  1165 |   631 |  1072 |   929 |   886 ||  5623
       Tower shield      |       |       |       |       |       |       |       |       |   476 ||   476

Table legend: (Time is in decaauts)
 A = Elapsed time spent in this place.
 B = Non-inter-level travel time spent in this place.
 C = Inter-level travel time spent in this place.
 D = Time resting spent in this place.
 E = Time spent auto-exploring this place.
 F = Levels seen in this place.
 G = Mean time per level.
                   A        B        C        D        E       F      G
               +--------+--------+--------+--------+--------+-----+--------+
         Total |  80706 |  74425 |   6281 |  32306 |  26204 |  48 | 1681.4 |
       Dungeon |  18962 |  16952 |   2010 |   5885 |   7517 |  15 | 1264.1 |
          Lair |  11340 |  10155 |   1185 |   4268 |   4214 |   6 | 1890.0 |
        Shoals |   5999 |   5713 |    286 |   2285 |   2468 |   4 | 1499.8 |
   Spider Nest |   7387 |   6920 |    467 |   3471 |   2052 |   4 | 1846.8 |
  Orcish Mines |   5442 |   4888 |    554 |   3006 |    910 |   2 | 2721.0 |
   Elven Halls |   8257 |   8062 |    195 |   5025 |   1819 |   3 | 2752.3 |
        Vaults |  13699 |  12773 |    926 |   6006 |   4357 |   5 | 2739.8 |
        Depths |   5512 |   4857 |    655 |    847 |   2438 |   5 | 1102.4 |
        Bailey |    886 |    886 |      0 |    507 |     17 |   1 |  886.0 |
      Ice Cave |    920 |    920 |      0 |    235 |    255 |   1 |  920.0 |
        Wizlab |    599 |    599 |      0 |    106 |     15 |   1 |  599.0 |
    Desolation |   1698 |   1698 |      0 |    662 |    141 |   1 | 1698.0 |
               +--------+--------+--------+--------+--------+-----+--------+

Top non-repeatable levels by time:
   Elf:3: 4510 daAuts
Vaults:4: 4345 daAuts
  Lair:2: 3330 daAuts
Vaults:1: 3232 daAuts
   Orc:2: 2845 daAuts
    D:14: 2632 daAuts
Vaults:3: 2621 daAuts
   Orc:1: 2597 daAuts
   Elf:2: 2494 daAuts
Spider:4: 2391 daAuts
Spider:3: 2382 daAuts
     D:4: 2335 daAuts
  Lair:6: 2023 daAuts
  Lair:1: 1953 daAuts
Vaults:5: 1921 daAuts
